 Dungeon Crawl Stone Soup version 0.27.1-33-g824d729ab1 (webtiles) character file.

Game seed: 8525304939867260837

406 zeram the Magician (level 6, -7/48 HPs)
             Began as a Deep Elf Fire Elementalist on Dec 7, 2021.
             Mangled by Edmund (9 damage)
             ... on level 4 of the Dungeon.
             The game lasted 00:11:04 (3901 turns).

zeram the Magician (Deep Elf Fire Elementalist)     Turns: 3901, Time: 00:11:04

Health: -7/48      AC:  4    Str:  5    XL:     6   Next: 56%
Magic:  10/16      EV: 14    Int: 22    God:
Gold:   120        SH:  0    Dex: 15    Spells: 6/16 levels left

rFire    . . .     SeeInvis .   e - staff of conjuration
rCold    . . .     Faith    .   (no shield)
rNeg     . . .     Spirit   .   a - +0 robe
rPois    .         Reflect  .   (no helmet)
rElec    .         Harm     .   (no cloak)
rCorr    .         Rampage  .   (no gloves)
Will     .....                  d - +1 pair of boots {Fly}
Stlth    ..........             (no amulet)
HPRegen  0.16/turn              (no ring)
MPRegen  0.15/turn              (no ring)

@: berserking, flying, very quick
A: no striking features
a: no special abilities


You were on level 4 of the Dungeon.
You visited 1 branch of the dungeon, and saw 4 of its levels.

You collected 120 gold pieces.

Inventory:

Hand Weapons
 b - a +1 dagger of freezing
Armour
 a - a +0 robe (worn)
 d - a +1 pair of boots of flying (worn)
Magical Staves
 e - a staff of conjuration (weapon)
Jewellery
 k - a ring of poison resistance
 l - a ring of wizardry
Scrolls
 c - 2 scrolls of identify
 g - a scroll of amnesia {unknown}
 h - a scroll of teleportation {unknown}
 j - a scroll of magic mapping {unknown}
Potions
 f - a potion of magic


   Skills:
 + Level 4.4 Dodging
 - Level 2.4 Stealth
 + Level 5.5 Spellcasting
 - Level 3.2 Conjurations
 + Level 5.3 Fire Magic


You had 6 spell levels left.
You knew the following spells:

 Your Spells              Type           Power      Damage    Failure   Level
a - Foxfire               Conj/Fire      100%       2x1d9     1%          1
b - Sticky Flame          Conj/Fire      37%        2d6       16%         4
c - Fireball              Conj/Fire      18%        3d9       41%         5

Your spell library contained the following spells:

 Spells                   Type           Power      Damage    Failure   Level
 Conjure Flame            Conj/Fire      37%        6-21      4%          3
 Inner Flame              Hex/Fire       17%        N/A       10%         3


Dungeon Overview and Level Annotations

Branches:
Dungeon (4/15)
 Temple: D:4-7

Altars:

Annotations:
D:4 Edmund


Message History

Confirm with . or Enter, or press ? or * to list all spells.
You feel a surge of power!
You conjure some foxfire!
Edmund drinks a potion.
Edmund is healed!
Casting: Foxfire (safe; 1% risk of failure)
Confirm with . or Enter, or press ? or * to list all spells.
You feel a surge of power!
You conjure some foxfire!
The foxfire hits Edmund but does no damage.
Edmund is heavily wounded.
The foxfire hits Edmund but does no damage.
Edmund is heavily wounded.
Edmund closely misses you.
Casting: Foxfire (safe; 1% risk of failure)
Confirm with . or Enter, or press ? or * to list all spells.
You feel a surge of power!
You conjure some foxfire!
The foxfire hits Edmund but does no damage.
Edmund is heavily wounded.
The foxfire hits Edmund but does no damage.
Edmund is heavily wounded.
Edmund hits you with a +3 flail of protection.
* * * LOW HITPOINT WARNING * * *
It was a potion of berserk rage.
A red film seems to cover your vision as you go berserk!
You feel yourself moving faster!
You feel mighty!
The foxfire hits Edmund.
Edmund is heavily wounded.
The foxfire hits Edmund.
Edmund is heavily wounded.
Edmund hits you with a +3 flail of protection.
* * * LOW HITPOINT WARNING * * *
You barely miss Edmund.
Edmund is heavily wounded.
Edmund barely misses you.
You barely miss Edmund.
Edmund is heavily wounded.
Edmund closely misses you.
You hit Edmund but do no damage.
Edmund is heavily wounded.
You barely miss Edmund.
Edmund is heavily wounded.
Edmund hits you with a +3 flail of protection!
You die...

#....##.## .#
###'#
.........##.#
#.#
.......#.##)#
#.#
.......#.##.#
#..
#+######..#.#
### #######.#.#
#.......#.#
####.#..†......#
#....#.@....#..#
#.# #.@....#.>#
#.# #......##.#
#.# #......##.#
#.# ###'#'###.#
#.# #.#.....#
#.# #.#######
#.# #.# #.# #.#


You could see Edmund.

Vanquished Creatures
  A black bear (D:4)
  An ogre (D:4)
  A scorpion (D:3)
  An orc wizard (D:3)
  A hound skeleton (D:2)
  A gnoll (D:1)
  2 adders
  2 dart slugs
  9 orcs (D:3)
  9 endoplasms
  5 giant cockroaches
  8 goblins
  6 hobgoblins
  10 jackals
  3 quokkas
  6 ball pythons
  8 bats
  4 frilled lizards
  A jackal skeleton (D:4)
  7 kobolds
  5 rats
91 creatures vanquished.

Vanquished Creatures (others)
  256 foxfires
256 creatures vanquished.

Grand Total: 347 creatures vanquished

Notes
Turn   | Place    | Note
-------+----------+-------------------------------------------
     0 | D:1      | zeram the Deep Elf Fire Elementalist began the quest for
                  | the Orb.
     0 | D:1      | Reached XP level 1. HP: 10/10 MP: 6/6
   411 | D:1      | Reached XP level 2. HP: 15/15 MP: 5/8
   560 | D:1      | Found a faded altar of an unknown god.
   712 | D:1      | Reached XP level 3. HP: 18/19 MP: 7/9
  1375 | D:2      | Reached XP level 4. HP: 24/24 MP: 8/11
  2238 | D:3      | HP: 1/24 [orc (4)]
  2615 | D:3      | Learned a level 4 spell: Sticky Flame
  2685 | D:3      | Noticed a scorpion
  2690 | D:3      | Killed a scorpion
  2691 | D:3      | Reached XP level 5. HP: 28/28 MP: 8/14
  3485 | D:4      | Noticed an ogre
  3489 | D:4      | Killed an ogre
  3490 | D:4      | Reached skill level 5 in Spellcasting
  3490 | D:4      | Reached skill level 5 in Fire Magic
  3490 | D:4      | Reached XP level 6. HP: 32/32 MP: 10/15
  3833 | D:4      | Learned a level 5 spell: Fireball
  3861 | D:4      | Noticed Edmund
  3897 | D:4      | HP: 1/48 [Edmund (6)]
  3901 | D:4      | Mangled by Edmund

Illustrated notes

Levels and vault maps discovered:
D:1:      lightli_arrival_statuegarden, layout_basic, basic_ecumenical_altar
D:2:      layout_loops_cross
D:3:      minmay_recursive_quarters, layout_basic, hangedman_glass_teeth
D:4:      layout_basic, minmay_mini_ossuary, uniq_edmund

Skill      XL: |  1  2  3  4  5  6 |
---------------+-------------------+-----
Fire Magic     | 4 5 |  5.3
Dodging        | 3 4 |  4.4
Spellcasting   | 4 5 |  5.5
Conjurations   | 2 3 |  3.2
Stealth        | |  2.4

Action                   |  1- 3 |  4- 6 || total
-------------------------+-------+-------++-------
Melee: Unarmed           |     3 |       ||     3
       Dagger            |    28 |       ||    28
       Staff             |    22 |    87 ||   109
 Cast: Foxfire           |    51 |   109 ||   160
  Use: Scroll            |       |     5 ||     5
       Potion            |       |     5 ||     5
 Stab: Sleeping          |     3 |       ||     3
       Distracted        |       |     1 ||     1
Armor: Robe              |    24 |    33 ||    57
Dodge: Dodged            |    56 |   107 ||   163
